 Dungeon Crawl Stone Soup version 0.22-a0-553-g9358b0b (webtiles) character file.

3218 iamserjio the Cleaver (level 9, -2/55 HPs)
             Began as a Gargoyle Fighter on June 25, 2018.
             Was a Believer of Makhleb.
             Slain by a two-headed ogre
             ... wielding a +0 giant club
              (13 damage)
             ... on level 9 of the Dungeon.
             The game lasted 00:21:18 (2550 turns).

iamserjio the Cleaver (Gargoyle Fighter)            Turns: 2550, Time: 00:21:19

Health: -2/55      AC: 16    Str: 22    XL:     9   Next: 97%
Magic:  12/12      EV:  9    Int:  9    God:    Makhleb [**....]
Gold:   337        SH: 11    Dex: 10    Spells: 8/8 levels left

rFire    + . .     SeeInvis .   F - +0 broad axe
rCold    + . .     Gourm    .   c - +0 shield
rNeg     + . .     Faith    +   u - +3 leather armour of the Merchant {rF+ rC+ Stlth+}
rPois    ∞         Spirit   .   (no helmet)
rElec    +         Reflect  .   (no cloak)
rCorr    .         Harm     .   (no gloves)
MR       .....                  k - +2 pair of boots
Stlth    +++.......             g - amulet of faith
HPRegen  0.18/turn              e - ring of stealth
MPRegen  0.13/turn              (no ring)

@: no status effects
A: negative energy resistance 1, electricity resistance, unbreathing,
petrification resistance, rot immunity, AC +6
a: Minor Destruction, Renounce Religion


You were on level 9 of the Dungeon.
You worshipped Makhleb.
Makhleb was pleased with you.
You were near starving.

You visited 2 branches of the dungeon, and saw 10 of its levels.
You also visited: Sewer.

You collected 337 gold pieces.

Inventory:

Hand Weapons
 a - a +1 war axe
 s - a +1 flail of protection
 w - a +0 morningstar
 F - a +0 broad axe (weapon)
Armour
 b - a +0 scale mail
 c - a +0 shield (worn)
 h - a cursed +0 leather armour
 k - a +2 pair of boots (worn)
 u - the +3 leather armour of the Merchant (worn) {rF+ rC+ Stlth+}
   (You found it on level 4 of the Dungeon)

   It protects you from fire.
   It protects you from cold.
   It makes you more stealthy.
Jewellery
 e - a ring of stealth (left hand)
 g - an amulet of faith (around neck)
 A - an uncursed ring of flight
 B - an uncursed amulet of magic regeneration {unknown}
 C - an uncursed ring of ice
 D - an uncursed ring of ice
Wands
 t - a wand of polymorph (7)
 H - a wand of paralysis (16)
 I - a wand of disintegration (18)
Scrolls
 l - a scroll of remove curse {@r2}
 m - 8 scrolls of teleportation
 p - 4 scrolls of fear
 q - a scroll of amnesia
 r - 3 scrolls of blinking
 y - 2 scrolls of magic mapping
 G - a scroll of fog
Potions
 d - 3 potions of might
 i - a potion of magic
 j - 2 potions of ambrosia
 n - 6 potions of curing {@q1}
 o - 4 potions of flight
 v - 2 potions of resistance
 x - 2 potions of degeneration
 z - a potion of lignification {unknown}
 E - a potion of agility {unknown}
Comestibles
 f - 9 rations


   Skills:
 + Level 5.6 Fighting
 * Level 8.9 Axes
 + Level 5.7 Armour
 + Level 7.9 Shields
 + Level 4.3 Invocations


You had 8 spell levels left.
You didn't know any spells.
Your spell library contained the following spells:

 Spells                   Type           Power        Failure   Level  Hunger
 Magic Dart               Conj           #...         75%         1    ##.....
 Conjure Flame            Conj/Fire      #.......     98%         3    ####...
 Slow                     Hex            #.......     86%         2    ###....
 Mephitic Cloud           Conj/Pois/Air  #.......     98%         3    ####...
 Blink                    Tloc           N/A          86%         2    ###....
 Call Imp                 Summ           #.......     86%         2    ###....


Dungeon Overview and Level Annotations

Branches:
Dungeon (9/15)             Temple (1/1) D:6
   Lair: D:8-11         Orc: D:9-12

Altars:
Ashenzari
Cheibriados
Dithmenos
Fedhas
Kikubaaqudgha
Makhleb
Nemelex Xobeh
Okawaru
Qazlal
Ru
Trog
Uskayaw
Vehumet
Wu Jian
Xom
Yredelemnul
Zin
The Shining One

Annotations:
D:5 1 runed door


Innate Abilities, Weirdness & Mutations

You are resistant to torment.
Your stone body is resilient. (AC +6)
You are immune to poison.
You resist negative energy. (rN+)
You are resistant to electric shocks. (rElec)
You can survive without breathing.
You are immune to petrification.
You are immune to rotting.


Message History

The two-headed ogre hits you with a giant club!
The two-headed ogre hits you with a giant club.
* * * LOW HITPOINT WARNING * * *
You slash the two-headed ogre!
The two-headed ogre is severely wounded.
You block the two-headed ogre's attack.
The two-headed ogre hits you but does no damage.
You closely miss the two-headed ogre.
The two-headed ogre is severely wounded.
The two-headed ogre closely misses you. The two-headed ogre barely misses you.
You closely miss the two-headed ogre.
The two-headed ogre is severely wounded.
The two-headed ogre hits you with a giant club.
* * * LOW HITPOINT WARNING * * *
You block the two-headed ogre's attack.
You slice the two-headed ogre!!
The two-headed ogre is almost dead.
You block the two-headed ogre's attack.
The two-headed ogre hits you with a giant club!
You die...

+.......+
#.......#
#......?#
###.......#
#.+.......#
#.#.....###
#.'.......#
#.#...O...#
#.#...@...#
#######.###+#####
.yy............
#######.#######
#.# #.# #####'##
#......#
##......###


You could see a two-headed ogre.

Vanquished Creatures
  The ghost of Guagissa the Cleaver, a novice HOFi of Elyvilon (D:6)
  A hippogriff (D:5)
  A hungry ghost (D:7)
  An orc warrior (D:8)
  Purgy (Sewer)
  3 ice beasts
  2 sky beasts
  2 phantoms
  3 centaurs (D:6)
  A big kobold (D:9)
  A bullfrog (D:6)
  2 scorpions
  6 killer bees
  5 wights (D:7)
  A howler monkey (D:5)
  A crimson imp (D:7)
  2 centaur zombies (D:7)
  2 hounds
  A wyvern simulacrum (D:6)
  A bullfrog zombie (D:6)
  2 orc priests
  2 jellies
  A human zombie (D:5)
  Jessica (D:2)
  3 iguanas
  3 worker ants
  A bullfrog simulacrum (D:6)
  A worker ant zombie (D:5)
  An adder (D:3)
  3 river rats (D:3)
  2 shadow imps (D:6)
  An adder skeleton (D:9)
  An adder zombie (D:9)
  2 worms
  A dart slug (D:4)
  An adder simulacrum (D:6)
  5 leopard geckos
  22 orcs
  2 bats
  5 giant cockroaches
  2 goblins (D:3)
  2 jackals (D:8)
  6 kobolds
  2 quokkas
  3 ball pythons
  4 frilled lizards
  A jackal skeleton (D:5)
  A quokka skeleton (D:6)
  5 rats
124 creatures vanquished.

Notes
Turn   | Place    | Note
-------+----------+-------------------------------------------
     0 | D:1      | iamserjio the Gargoyle Fighter began the quest for the Orb.
     0 | D:1      | Reached XP level 1. HP: 14/14 MP: 1/1
    98 | D:1      | Reached skill level 2 in Axes
   111 | D:1      | You fall through a shaft!
   111 | D:2      | Noticed Jessica
   126 | D:2      | Killed Jessica
   126 | D:2      | Reached XP level 2. HP: 19/19 MP: 2/2
   126 | D:2      | Reached XP level 3. HP: 23/23 MP: 3/3
   211 | D:3      | Reached skill level 3 in Axes
   249 | D:2      | Reached XP level 4. HP: 28/28 MP: 4/4
   376 | D:3      | Found a glowing drain.
   381 | D:3      | Reached XP level 5. HP: 26/32 MP: 5/5
   384 | D:3      | Reached skill level 4 in Axes
   398 | Sewer    | Entered a sewer
   416 | Sewer    | Noticed Purgy
   433 | Sewer    | Killed Purgy
   433 | Sewer    | Reached XP level 6. HP: 26/37 MP: 6/6
   538 | D:4      | Reached skill level 5 in Shields
   547 | D:3      | Found a blossoming altar of Fedhas.
   646 | D:4      | Got a bloodstained leather armour
   722 | D:5      | Entered Level 5 of the Dungeon
   768 | D:5      | Reached skill level 5 in Axes
   799 | D:5      | Noticed a hippogriff
   810 | D:5      | Killed a hippogriff
   810 | D:5      | Reached XP level 7. HP: 11/41 MP: 7/7
   821 | D:5      | Noticed a human
   822 | D:5      | Found a runed door.
   830 | D:5      | Found a basalt altar of Yredelemnul.
   908 | D:5      | Reached skill level 6 in Axes
   919 | D:5      | Identified the +3 leather armour of the Merchant {rF+ rC+ Stlth+} (You found it on level 4 of the Dungeon)
  1255 | D:6      | Found a staircase to the Ecumenical Temple.
  1283 | D:6      | Reached XP level 8. HP: 27/46 MP: 8/8
  1291 | Temple   | Entered the Ecumenical Temple
  1334 | Temple   | Became a worshipper of Makhleb the Destroyer
  1457 | D:6      | Reached skill level 7 in Axes
  1468 | D:6      | Found a runed gate.
  1470 | D:6      | Found a runed gate.
  1471 | D:6      | Found a runed gate.
  1471 | D:6      | Noticed Guagissa's ghost (novice HOFi)
  1481 | D:6      | Reached skill level 1 in Invocations
  1500 | D:6      | Killed Guagissa's ghost
  1653 | D:6      | Reached XP level 9. HP: 29/52 MP: 9/11
  1787 | D:7      | Reached skill level 8 in Axes
  1813 | D:7      | Reached * piety under Makhleb
  1910 | D:7      | Reached skill level 5 in Armour
  1920 | D:7      | Reached skill level 5 in Fighting
  2358 | D:8      | Reached ** piety under Makhleb
  2531 | D:9      | Noticed a two-headed ogre
  2550 | D:9      | Slain by a two-headed ogre

Vault maps used:
D:1:      giann_wishing_wells, hangedman_decor_riveting, fountainhead
D:2:      minmay_misc_feat_diagonals, palyth_stone_intersect, uniq_jessica
D:3:      portal_sewer_entry_a, first_ration, minmay_misc_feat_tiny,
          minivault_14, fedhas_altar_3
D:5:      dk_yredelemnul_ordeal
D:6:      grunt_gozag_statues, minmay_temple_entry_grid,
          gammafunk_ghost_necromancy
D:8:      lair_entry_dummy
D:9:      ebering_ghost_xom
Temple:   regret_index_temple_sigil_plot
Sewer:    sewer_co_purgy_island

Skill      XL: |  1  2  3  4  5  6  7  8  9 |
---------------+----------------------------+-----
Axes           | 2 3 4 5 6 7 8 |  8.9
Shields        | 4 5 6 7 |  7.9
Invocations    | 2 4 |  4.3
Fighting       | 4 5 |  5.6
Armour         | 4 5 |  5.7

Action                   |  1- 3 |  4- 6 |  7- 9 || total
-------------------------+-------+-------+-------++-------
Melee: War axe           |    61 |    94 |   274 ||   429
       Morningstar       |       |       |    18 ||    18
       Broad axe         |       |       |    61 ||    61
Evoke: Wand              |       |       |     2 ||     2
  Use: Scroll            |       |     5 |    15 ||    20
       Potion            |       |       |     2 ||     2
 Stab: Sleeping          |       |       |     9 ||     9
  Eat: Chunk             |       |       |     7 ||     7
Armor: Scale mail        |    44 |    88 |     8 ||   140
       Leather armour    |       |       |   176 ||   176
Dodge: Dodged            |    28 |    37 |   106 ||   171
Block: Shield            |    32 |    87 |   173 ||   292

Table legend:
 A = Spawn XP
 B = Non-spawn XP
 C = Spawn XP percentage of total XP
 D = Spawn monster count
 E = Non-spawn monster count
 F = Spawn count percentage of total count
 G = Total turns spent on level
                    A         B        C        D         E        F      G
               +---------+---------+-------+---------+---------+-------+---------
         Total |       0 |    4598 |   0.0 |       0 |     124 |   0.0 |  2550
               +---------+---------+-------+---------+---------+-------+---------
           D:1 |       0 |       4 |   0.0 |       0 |       3 |   0.0 |   111
           D:2 |       0 |      49 |   0.0 |       0 |       6 |   0.0 |   113
           D:3 |       0 |     140 |   0.0 |       0 |      24 |   0.0 |   290
           D:4 |       0 |      92 |   0.0 |       0 |       6 |   0.0 |   167
           D:5 |       0 |     492 |   0.0 |       0 |       8 |   0.0 |   381
           D:6 |       0 |    1640 |   0.0 |       0 |      24 |   0.0 |   514
           D:7 |       0 |     799 |   0.0 |       0 |      15 |   0.0 |   346
           D:8 |       0 |     813 |   0.0 |       0 |      21 |   0.0 |   369
           D:9 |       0 |     427 |   0.0 |       0 |      11 |   0.0 |   120
         Sewer |       0 |     142 |   0.0 |       0 |       6 |   0.0 |    72
               +---------+---------+-------+---------+---------+-------+---------
